 Dungeon Crawl Stone Soup version 0.28-a0-114-g2bf3c13a2f (webtiles) character file.

Game seed: 9702600151270723095

872 voltaire321 the Conjurer (level 7, 0/41 HPs)
             Began as a Deep Elf Conjurer on Aug 13, 2021.
             Killed by divine providence
             ... invoked by an orc priest
              (10 damage)
             ... on level 5 of the Dungeon.
             The game lasted 00:14:06 (3993 turns).

voltaire321 the Conjurer (Deep Elf Conjurer)        Turns: 3993, Time: 00:14:07

Health: 0/41       AC:  5    Str:  6    XL:     7   Next: 74%
Magic:  9/18       EV: 13    Int: 23    God:
Gold:   210        SH:  0    Dex: 13    Spells: 8/18 levels left

rFire   . . .      SeeInvis .   o - +1 dagger (elec)
rCold   + . .      Faith    .   (no shield)
rNeg    . . .      Spirit   .   s - +2 leather armour {rC+}
rPois   +          Reflect  .   w - +0 hat
rElec   .          Harm     .   (no cloak)
rCorr   .          Rampage  .   (no gloves)
Will    .....                   (no boots)
Stlth   ++........              (no amulet)
HPRegen 0.13/turn               h - ring of poison resistance
MPRegen 0.16/turn               (no ring)

@: no status effects
A: no striking features
a: no special abilities


You were on level 5 of the Dungeon.
You visited 1 branch of the dungeon, and saw 5 of its levels.

You collected 210 gold pieces.

Inventory:

Hand Weapons
 n - a +1 dagger of venom
 o - a +1 dagger of electrocution (weapon)
 v - a +0 rapier
Armour
 s - a +2 leather armour of cold resistance (worn)
 w - a +0 hat (worn)
Magical Staves
 m - a staff of air
Jewellery
 h - a ring of poison resistance (left hand)
 p - a ring of flight
Wands
 x - a wand of flame (26)
Potions
 c - 3 potions of cancellation
 d - 2 potions of invisibility
 f - a potion of ambrosia {unknown}
 i - a potion of berserk rage {unknown}
 l - a potion of might {unknown}
 q - a potion of curing {unknown}
 r - a potion of lignification {unknown}
 t - 3 potions of heal wounds
 u - a potion of flight {unknown}


   Skills:
 + Level 3.2 Fighting
 + Level 1.5 Armour
 + Level 5.5 Dodging
 - Level 2.4 Stealth
 + Level 6.2 Spellcasting
 + Level 6.4 Conjurations


You had 8 spell levels left.
You knew the following spells:

 Your Spells              Type           Power      Damage    Failure   Level
a - Magic Dart            Conj           100%       1d8       1%          1
b - Searing Ray           Conj           72%        3d6       1%          2
c - Dazzling Flash        Conj/Hex       42%        N/A       10%         3
d - Iskenderun's Mystic   Conj/Tloc      21%        2d6       32%         4

Your spell library contained the following spells:

 Spells                   Type           Power      Damage    Failure   Level
 Shock                    Conj/Air       84%        1d8       3%          1
 Slow                     Hex            7%         N/A       19%         2
 Fulminant Prism          Conj/Hex       10%        3d9       32%         4
 Confusing Touch          Hex            7%         N/A       36%         3
 Swiftness                Air            7%         N/A       36%         3
 Airstrike                Air            3%         N/A       77%         4
 Yara's Violent Unravell  Hex/Tmut       3%         3d4       98%         5


Dungeon Overview and Level Annotations

Branches:
Dungeon (5/15)
 Temple: D:4-7

Altars:
Hepliaklqana


Message History

The magic dart hits the orc but does no damage.
The orc is almost dead.
The orc shouts!
You hit the orc but do no damage. Lightning courses through the orc!
You kill the orc!
An orc priest comes into view. It is wielding a +0 club.
Casting: Magic Dart (safe; 1% risk of failure)
Confirm with . or Enter, or press ? or * to list all spells.
Aiming: Searing Ray (safe; 1% risk of failure)
Press: ? - help, Shift-Dir - straight line, f - wyvern
Aim: a wyvern (81% to hit)
The searing ray hits the wyvern!
The wyvern is moderately wounded. (Press . to maintain the ray.)
The wyvern bites you.
The searing ray hits the wyvern.
The wyvern is heavily wounded.
The searing ray hits the orc wizard!
The orc wizard is severely wounded.
The wyvern closely misses you.
The searing ray hits the wyvern.
The wyvern is severely wounded.
The searing ray hits the orc wizard!
You kill the orc wizard!
The wyvern bites you.
The orc priest begins to cast a cantrip, but forgets the words!
The wyvern bites you!
Your Spellcasting skill increases to level 6!
The searing ray hits the wyvern!
You kill the wyvern!
You finish channeling your searing ray.
The orc priest calls down the wrath of Beogh upon you.
Beogh smites you!
* * * LOW HITPOINT WARNING * * *
You hit the orc but do no damage. You hit the orc but do no damage.
The orc barely misses you. The orc misses you.
The orc priest mumbles some strange prayers to Beogh against you.
Beogh smites you!
You die...

.. . #... ..
.### ... ...
.... ... ....
###.##..#
####o.#o.......
...>.)o@#
#########


You could see an orc priest and 2 orcs.

Vanquished Creatures
  A wyvern (D:5)
  Duvessa (D:4)
  An ogre (D:4)
  A scorpion (D:4)
  Dowan (D:4)
  A hound (D:2)
  2 jellies
  A bullfrog skeleton (D:4)
  An iguana (D:4)
  Natasha (thrice) (D:2)
  An orc wizard (D:5)
  4 gnolls (D:2)
  7 adders
  3 dart slugs
  7 orcs
  6 endoplasms
  4 giant cockroaches
  9 jackals
  A quokka (D:1)
  4 ball pythons
  4 bats
  6 frilled lizards
  5 goblins
  7 kobolds
  10 rats
91 creatures vanquished.

Notes
Turn   | Place    | Note
-------+----------+-------------------------------------------
     0 | D:1      | voltaire321 the Deep Elf Conjurer began the quest for the
                  | Orb.
     0 | D:1      | Reached XP level 1. HP: 10/10 MP: 6/6
   274 | D:1      | Found a faded altar of an unknown god.
   282 | D:1      | Reached XP level 2. HP: 16/16 MP: 6/8
   286 | D:1      | Learned a level 2 spell: Searing Ray
   977 | D:1      | Reached XP level 3. HP: 20/20 MP: 6/10
  1116 | D:1      | Learned a level 3 spell: Dazzling Flash
  1182 | D:2      | Reached skill level 1 in Fighting
  1693 | D:2      | Noticed Natasha
  1765 | D:2      | Killed Natasha
  1766 | D:2      | Reached XP level 4. HP: 25/25 MP: 7/12
  1832 | D:2      | Reached skill level 5 in Conjurations
  1872 | D:2      | Learned a level 4 spell: Iskenderun's Mystic Blast
  1949 | D:2      | Reached XP level 5. HP: 30/30 MP: 4/13
  2003 | D:2      | Noticed Natasha
  2060 | D:2      | Killed Natasha
  2319 | D:2      | Noticed Natasha
  2322 | D:2      | Killed Natasha
  2601 | D:3      | Found a hazy altar of Hepliaklqana.
  2709 | D:3      | Reached skill level 5 in Spellcasting
  2709 | D:3      | Reached XP level 6. HP: 35/35 MP: 9/15
  3097 | D:4      | Noticed Dowan
  3103 | D:4      | Noticed Duvessa
  3112 | D:4      | Killed Dowan
  3113 | D:4      | Killed Duvessa
  3508 | D:4      | Reached skill level 5 in Dodging
  3508 | D:4      | Reached XP level 7. HP: 40/40 MP: 9/17
  3688 | D:4      | Reached skill level 1 in Armour
  3892 | D:5      | Entered Level 5 of the Dungeon
  3981 | D:5      | Noticed a wyvern
  3990 | D:5      | Killed a wyvern
  3993 | D:5      | Killed from afar by an orc priest

Illustrated notes

Levels and vault maps discovered:
D:1:      dpeg_arrival_solitude, layout_basic,
          shapermc_ecumenical_altar_mp_ritualfount
D:2:      kb_forest_paths, layout_rooms, chequers_serial_rivers_small_a,
          uniq_natasha
D:3:      layout_loops_ring, amcnicky_altar_gilded
D:4:      layout_rooms, uniq_duvessa
D:5:      layout_rooms, minmay_temple_entry_slanted, serial_shops,
          kennysheep_little_box, minmay_hollow_rounded_squares, uniq_menkaure,
          uniq_eustachio

Skill      XL: |  1  2  3  4  5  6  7 |
---------------+----------------------+-----
Dodging        | 3 4 5 |  5.5
Fighting       | 1 2 3 |  3.2
Spellcasting   | 4 5 6 |  6.2
Conjurations   | 5 6 |  6.4
Armour         | 1 |  1.5
Stealth        | |  2.4

Action                   |  1- 3 |  4- 6 |  7- 9 || total
-------------------------+-------+-------+-------++-------
Melee: Short sword       |     1 |     1 |       ||     2
       Dagger            |       |    31 |     3 ||    34
 Cast: Magic Dart        |    51 |    42 |     7 ||   100
       Searing Ray       |     4 |    16 |     5 ||    25
  Use: Scroll            |       |       |     8 ||     8
 Stab: Distracted        |     1 |       |       ||     1
       Sleeping          |       |     3 |       ||     3
Armor: Robe              |     2 |     8 |       ||    10
       Leather armour    |       |       |     3 ||     3
Dodge: Dodged            |     3 |    33 |     3 ||    39

Table legend: (Time is in decaauts)
 A = Elapsed time spent in this place.
 B = Non-inter-level travel time spent in this place.
 C = Inter-level travel time spent in this place.
 D = Time resting spent in this place.
 E = Time spent auto-exploring this place.
 F = Levels seen in this place.
 G = Mean time per level.
                   A        B        C        D        E       F      G
               +--------+--------+--------+--------+--------+-----+--------+
         Total |   3996 |   3801 |    195 |   1065 |   1963 |   5 |  799.2 |
       Dungeon |   3996 |   3801 |    195 |   1065 |   1963 |   5 |  799.2 |
               +--------+--------+--------+--------+--------+-----+--------+

Top non-repeatable levels by time:
     D:1: 1418 daAuts
     D:2: 978 daAuts
     D:3: 898 daAuts
     D:4: 656 daAuts
     D:5: 44 daAuts
